 Dungeon Crawl Stone Soup version 0.18.1-48-g4cf74bf (console) character file.

102 lauthentik the Sneak (level 4, -2/31 HPs)
             Began as a Vampire Enchanter on July 4, 2016.
             Slain by a gnoll
             ... wielding a +0 flail
              (13 damage)
             ... on level 2 of the Dungeon.
             The game lasted 00:05:03 (1546 turns).

lauthentik the Sneak (Vampire Enchanter)            Turns: 1546, Time: 00:05:04

Health: -2/31      AC:  3    Str:  7    XL:     4   Next: 50%
Magic:  2/7        EV: 13    Int: 18    God:
Gold:   64         SH:  0    Dex: 14    Spells: 2 memorised, 4 levels left

rFire  . . .     SeeInvis +     a - +1 dagger
rCold  + . .     Gourm    .     b - +1 robe
rNeg   + + .     Faith    .     (no shield)
rPois  +         Spirit   .     (no helmet)
rElec  .         Dismiss  .     (no cloak)
rCorr  .         Reflect  .     (no gloves)
SustAt .         Harm     .     (no boots)
MR     .....                    (no amulet)
Stlth  ++++......               (no ring)
                                (no ring)

@: regenerating slowly, not resistant to hostile enchantments, stealthy
A: fangs 3, see invisible, unbreathing
a: Bat Form


You were on level 2 of the Dungeon.
You were very thirsty.

You visited 1 branch of the dungeon, and saw 2 of its levels.

You collected 64 gold pieces.

Inventory:

Hand Weapons
 a - a +1 dagger (weapon)
 f - a +0 short sword
 m - a +0 dagger
 n - a +0 dagger
Armour
 b - a +1 robe (worn)
 e - a +0 robe
Scrolls
 g - a scroll of identify {unknown}
 j - 2 scrolls of fog {unknown}
 l - a scroll of random uselessness {unknown}
 p - a scroll of immolation {unknown}
 q - a scroll of enchant armour {unknown}
 r - a scroll of noise {unknown}
Potions
 d - 2 potions of blood
 h - a potion of ambrosia {unknown}
 i - a potion of lignification {unknown}
 k - a potion of brilliance {unknown}
 o - a potion of magic {unknown}
Books
 c - a book of Maledictions

   Spells                             Type                      Level
   a - Corona                         Hexes                        1
   b - Ensorcelled Hibernation        Hexes/Ice                    2
   c - Confuse                        Hexes                        3
   d - Tukima's Dance                 Hexes                        3
   e - Dazzling Spray                 Conjuration/Hexes            3


   Skills:
 + Level 0.8 Fighting
 + Level 1.4 Short Blades
 + Level 2.6 Dodging
 + Level 6.2 Stealth
 + Level 2.2 Spellcasting
 + Level 5.0 Hexes
 + Level 1.1 Ice Magic


You had 4 spell levels left.
You knew the following spells:

 Your Spells              Type           Power        Failure   Level  Hunger
a - Ensorcelled Hibernat  Hex/Ice        ##....       10%         2    ##.....
b - Corona                Hex            ###....      1%          1    #......


Dungeon Overview and Level Annotations

Branches:
Dungeon (2/15)

Altars:
Cheibriados
Nemelex Xobeh


Innate Abilities, Weirdness & Mutations

You heal slowly.
You have razor-sharp teeth.
You have supernaturally acute eyesight.
You can survive without breathing.


Message History

The gnoll is lightly wounded.
The gnoll hits you with a flail!
You barely miss the gnoll.
The gnoll is lightly wounded.
The gnoll closely misses you.
You hit the gnoll.
The gnoll is moderately wounded.
You barely miss the gnoll.
The gnoll is moderately wounded.
The gnoll misses you.
You hit the gnoll.
The gnoll is moderately wounded.
The gnoll completely misses you.
You hit the gnoll.
The gnoll is heavily wounded.
The gnoll barely misses you.
You closely miss the gnoll.
The gnoll is heavily wounded.
The gnoll hits you with a flail!
You die...

##.# #...# #...# #####
#...# #...##$##
#####...# #....
..###........ ... ...
......... #g###..
#........ #@##./ #
####...# #.##.#.#
#...# #.##.#.# #)..#
#......# #####...#
####.#####.......# .
#.......####..#
....####.#####.......#
..>......####.........
....####..............


You could see a gnoll.

Vanquished Creatures
  An adder (D:2)
  3 gnolls (D:2)
  An ooze (D:1)
  4 worms (D:2)
  2 dart slugs
  A giant gecko (D:1)
  2 giant cockroaches
  7 goblins
  6 hobgoblins
  A ball python (D:1)
  7 bats
  2 giant newts (D:1)
  3 kobolds (D:1)
  6 rats
46 creatures vanquished.

Notes
Turn   | Place    | Note
--------------------------------------------------------------
     0 | D:1      | lauthentik the Vampire Enchanter began the quest for the Orb.
     0 | D:1      | Reached XP level 1. HP: 13/13 MP: 3/3
   464 | D:1      | Reached XP level 2. HP: 19/19 MP: 3/5
   468 | D:1      | Learned a level 2 spell: Ensorcelled Hibernation
   612 | D:1      | Reached skill level 5 in Stealth
   968 | D:1      | Reached XP level 3. HP: 22/25 MP: 3/6
  1193 | D:2      | Found a sparkling altar of Nemelex Xobeh.
  1262 | D:2      | Reached skill level 5 in Hexes
  1435 | D:2      | Reached XP level 4. HP: 29/31 MP: 3/7
  1488 | D:2      | Found a snail-covered altar of Cheibriados.
  1517 | D:2      | Reached skill level 6 in Stealth
  1530 | D:2      | Reached skill level 1 in Ice Magic
  1546 | D:2      | Slain by a gnoll

Skill      XL: |  1  2  3  4 |
---------------+-------------+-----
Stealth        | 5 6 |  6.2
Hexes          | 5 |  5.0
Ice Magic      | 1 |  1.1
Fighting       | |  0.8
Short Blades   | |  1.4
Dodging        | |  2.6
Spellcasting   | |  2.2

Action                   |  1- 3 |  4- 6 || total
-------------------------+-------+-------++-------
Melee: Dagger            |    85 |    22 ||   107
       Bite              |     3 |     1 ||     4
 Cast: Corona            |     4 |       ||     4
       Ensorcelled Hiber |    17 |     4 ||    21
 Stab: Sleeping          |    23 |     6 ||    29
Armor: Robe              |    19 |       ||    19
Dodge: Dodged            |    40 |     9 ||    49
